Map: Ultralove

Players

LiquidMaNa (MaNa)

  • Race: Protoss Protoss
  • League: Grandmaster
  • Spawn Location: 1:00

Reynor - Winner!

  • Race: Zerg Zerg
  • League: Master
  • Spawn Location: 7:00

Event: FEL Cracov 2025

VOD

Have the link to the VOD?

Description

Time

  • Played on: July 27, 2025, 9:32 a.m.
  • Length: 12:29

All games in this series

Show
View Real Time Build Order
Export as new Build Order

LiquidMaNa Protoss 

Build Orders: 1 Gate Expand, Oracle Opening, Archon Immortal, Archon Drop 

Get SALT Encoding   

  12  0:00  Probe  
  13  0:12  Probe  
  14  0:21  Pylon  
  14  0:24  Probe  
  15  0:35  Probe  
  16  0:43  Probe, Gateway  
  16  0:49  Assimilator  
  17  0:53  Probe  
  18  1:01  Probe  
  18  1:10  Probe  
  20  1:26  Nexus  
  20  1:30  Probe  
  21  1:40  Cybernetics Core  
  21  1:47  Assimilator  
  21  1:48  Probe  
  22  1:54  Pylon  
  22  2:00  Probe  
  23  2:08  Probe  
  24  2:16  Adept  
  24  2:17  Probe  
  24  2:18  Stargate  
  27  2:27  Probe  
  28  2:34  Probe  
  28  2:35  Warp Gate  
  28  2:39  Probe  
  28  2:42  Probe  
  28  2:43  Stalker  
  30  2:51  Probe  
  34  2:52  Probe  
  35  3:02  Probe, Oracle  
  35  3:03  Probe  
  40  3:10  Probe  
  40  3:15  Probe  
  40  3:18  Probe  
  43  3:28  Probe  
  43  3:29  Nexus  
  43  3:32  Pylon  
  43  3:33  Probe  
  45  3:39  Robotics Facility  
  45  3:40  Probe  
  46  3:44  Assimilator  
  46  3:46  Assimilator  
  46  3:50  Probe  
  46  3:52  Probe  
  46  3:55  Gateway  
  46  4:00  Twilight Council  
  46  4:02  Probe  
  47  4:05  Probe  
  48  4:14  Probe  
  49  4:18  Warp Prism, Probe, Gateway  
  49  4:19  Gateway  
  49  4:23  Adept  
  54  4:33  Pylon  
  54  4:40  Templar Archives  
  54  4:42  Probe  
  54  4:43  Probe x2  
  57  4:53  Probe  
  57  4:54  Pylon, Probe  
  57  4:55  Probe  
  60  5:02  Probe  
  60  5:03  Pylon  
  63  5:11  Probe  
  61  5:16  High Templar x4  
  61  5:20  Archon x2, Gateway  
  61  5:21  Gateway  
  69  5:22  Charge  
  69  5:23  Gateway  
  69  5:24  Gateway  
  69  5:28  Probe x2  
  68  5:29  Immortal, Probe  
  68  5:31  Shield Battery  
  69  5:41  Probe x2  
  75  5:48  Zealot x3  
  80  5:55  Zealot  
  79  5:57  Immortal, Probe x2  
  79  5:59  Probe  
  75  6:09  Probe  
  77  6:11  High Templar x2  
  77  6:12  Zealot  
  77  6:15  Zealot  
  77  6:16  Archon  
  77  6:17  Zealot x2  
  85  6:25  Pylon  
  85  6:29  Assimilator  
  85  6:30  Assimilator  
  85  6:33  Pylon  
  85  6:42  Warp Prism  
  85  6:43  Probe x3  
  85  6:44  Shield Battery  
  85  6:45  Sentry  
  92  6:51  Zealot x2  
  92  6:52  Zealot  
  98  6:55  Probe x2  
  99  7:01  Shield Battery  
  99  7:03  Shield Battery  
  99  7:06  Sentry  
  101  7:16  Pylon, Shield Battery  
  101  7:17  Pylon  
  101  7:18  Shield Battery  
  101  7:25  Gateway  
  101  7:34  Immortal  
  101  7:35  High Templar x4  
  101  7:36  Zealot x2  
  101  7:37  Zealot x2, Probe x2  
  113  7:40  Archon x2  
  115  7:48  Probe  
  114  7:52  Psionic Storm  
  110  7:59  Pylon  
  110  8:02  High Templar  
  110  8:04  Pylon  
  112  8:06  Pylon  
  112  8:07  Pylon  
  112  8:11  Forge  
  112  8:12  Probe x2  
  114  8:13  Observer  
  114  8:14  High Templar  
  114  8:18  Zealot x3  
  114  8:19  Zealot  
  125  8:22  Probe  
  125  8:24  Probe  
  125  8:26  Blink  
  127  8:28  Zealot x2  
  127  8:31  Immortal, Protoss Ground Weapons Level 1  
  127  8:32  Pylon  
  135  8:35  Probe  
  135  8:38  High Templar  
  138  8:55  Photon Cannon  
  138  9:01  Zealot, Nexus  
  138  9:02  High Templar x2  
  140  9:05  Zealot x3  
  140  9:06  Zealot  
  148  9:13  Zealot  
  148  9:14  Immortal  
  144  9:32  Zealot  
  144  9:33  Zealot x4  
  144  9:34  Zealot  
  154  9:42  Zealot x2  
  152  9:52  Immortal  
  146  9:55  Zealot x4  
  149  10:02  High Templar x4  
  149  10:03  High Templar, Zealot x3  
  123  10:24  Zealot x3  
  123  10:27  Warp Prism  
  129  10:34  Nexus  
  131  10:36  High Templar  
  131  10:37  Stalker x4  
  131  10:40  Pylon  
  141  10:45  Zealot x3  
  145  10:54  Photon Cannon  
  140  11:01  Archon, Stalker  
  140  11:02  Stalker x3  
  136  11:05  Immortal  
  127  11:22  Stalker  
  127  11:23  Stalker x3  
  122  11:29  Stalker  
  108  11:40  Stalker x2  
  101  11:52  High Templar x4  
  89  11:58  Archon  
  64  12:16  Stalker x2  
  66  12:23  Stalker  
  66  12:24  Stalker  
Show
View Real Time Build Order
Export as new Build Order

Reynor Zerg - Winner!

Build Orders: Hatch First 

Get SALT Encoding   

  12  0:00  Drone  
  13  0:08  Drone  
  14  0:15  Extractor, Drone  
  14  0:21  Overlord  
  15  0:40  Drone  
  15  0:41  Drone  
  17  0:49  Hatchery  
  16  0:52  Drone  
  16  0:56  Drone  
  18  1:06  Extractor  
  17  1:11  Spawning Pool  
  17  1:14  Drone  
  17  1:18  Drone  
  18  1:26  Drone  
  19  1:37  Drone  
  20  1:48  Drone  
  21  1:58  Zergling x2  
  21  2:01  Queen x2  
  24  2:02  Drone  
  27  2:08  Overlord  
  27  2:11  Metabolic Boost  
  27  2:14  Zergling x2  
  28  2:27  Drone  
  28  2:28  Drone  
  30  2:30  Drone  
  30  2:35  Drone  
  32  2:38  Queen  
  32  2:44  Overlord  
  34  2:51  Hatchery  
  33  2:54  Zergling x2  
  33  2:55  Drone  
  33  2:57  Drone  
  36  3:03  Drone  
  37  3:06  Queen  
  37  3:11  Overlord  
  39  3:14  Zergling x2  
  39  3:15  Drone  
  39  3:16  Drone  
  39  3:18  Drone  
  43  3:24  Zergling x2  
  43  3:25  Overlord  
  44  3:33  Spore Crawler  
  42  3:35  Spore Crawler, Drone x2  
  42  3:40  Drone x2  
  45  3:42  Drone  
  45  3:45  Overlord  
  46  3:48  Drone x3  
  46  3:52  Drone  
  48  3:58  Drone  
  48  3:59  Drone  
  50  4:03  Queen, Drone  
  50  4:09  Drone  
  54  4:11  Drone  
  54  4:14  Spore Crawler  
  54  4:15  Zergling x8  
  57  4:23  Overlord  
  57  4:24  Drone x3  
  58  4:26  Drone x2  
  62  4:33  Roach Warren, Overlord  
  62  4:35  Drone  
  60  4:38  Drone  
  60  4:41  Drone x2  
  60  4:42  Drone  
  60  4:44  Lair  
  65  4:45  Drone  
  65  4:47  Overlord  
  65  4:49  Drone  
  65  4:50  Drone  
  65  4:52  Drone x2  
  69  4:58  Drone x2, Extractor  
  69  5:00  Evolution Chamber  
  69  5:02  Extractor  
  69  5:06  Zergling x8  
  71  5:09  Queen  
  71  5:12  Zergling x8  
  71  5:13  Zergling x2  
  71  5:14  Zergling x2  
  79  5:19  Overlord  
  79  5:20  Drone  
  79  5:21  Drone x2  
  82  5:26  Roach x2  
  86  5:32  Roach x2  
  90  5:36  Overlord  
  90  5:40  Roach x3  
  95  5:46  Overlord  
  95  5:47  Roach  
  95  5:48  Roach  
  97  5:51  Overlord  
  97  5:53  Drone x2  
  97  5:55  Overlord  
  96  5:58  Drone x2  
  96  5:59  Drone x2  
  96  6:03  Drone x4  
  102  6:06  Roach  
  100  6:13  Roach x2  
  100  6:18  Queen  
  103  6:22  Zergling x4  
  103  6:24  Hatchery, Zergling x2  
  106  6:27  Extractor  
  106  6:29  Zergling x2  
  106  6:33  Zergling x6  
  106  6:34  Ravager  
  106  6:35  Ravager  
  106  6:37  Roach, Zergling x2  
  106  6:39  Queen  
  116  6:41  Overlord  
  116  6:45  Roach  
  117  6:48  Roach x2  
  117  6:50  Zergling x6  
  121  6:59  Drone  
  121  7:00  Drone x4  
  119  7:06  Queen x2  
  119  7:07  Ravager x3  
  119  7:08  Drone, Extractor  
  123  7:12  Roach x2  
  123  7:14  Extractor  
  125  7:16  Overlord  
  125  7:19  Roach  
  125  7:20  Roach x2  
  131  7:26  Drone x2  
  132  7:30  Drone  
  132  7:32  Zerg Missile Weapons Level 1, Drone  
  132  7:33  Drone  
  133  7:37  Drone  
  133  7:38  Queen  
  133  7:41  Drone  
  133  7:42  Drone, Glial Reconstitution  
  133  7:43  Drone  
  133  7:44  Drone  
  139  7:45  Drone  
  139  7:46  Drone  
  139  7:47  Drone  
  141  7:54  Overlord  
  141  7:55  Drone x2  
  141  7:56  Infestation Pit  
  143  7:58  Drone  
  143  8:04  Overlord  
  143  8:05  Roach x4, Extractor  
  151  8:08  Overlord  
  151  8:12  Burrow  
  150  8:15  Spore Crawler, Drone x2  
  150  8:16  Drone  
  154  8:20  Roach x3  
  154  8:22  Overlord  
  154  8:24  Roach  
  160  8:27  Ravager x3  
  160  8:33  Roach x4, Zergling x6  
  174  8:36  Overlord  
  174  8:38  Roach, Extractor  
  174  8:39  Overlord  
  175  8:42  Hive  
  175  8:44  Roach  
  175  8:46  Overlord  
  177  8:51  Roach x3  
  182  8:57  Roach x5  
  182  9:00  Tunneling Claws  
  191  9:04  Hydralisk Den  
  190  9:14  Roach x4  
  195  9:30  Roach x8  
  190  9:44  Roach x10  
  198  10:04  Roach  
  187  10:08  Roach x7  
  187  10:12  Roach x7  
  192  10:19  Ravager  
  192  10:20  Ravager x6  
  191  10:22  Roach x4  
  191  10:24  Ravager x3  
  195  10:28  Roach  
  195  10:29  Roach x2  
  195  10:31  Roach x2  
  195  10:32  Roach x2  
  199  10:40  Lurker Den  
  199  10:41  Roach x2  
  198  10:56  Roach x4  
  198  10:57  Roach x2  
  196  11:03  Roach x8  
  199  11:11  Ravager  
  199  11:14  Roach x3  
  199  11:15  Roach x12  
  198  11:20  Overlord  
  198  11:23  Roach x7  
  198  11:24  Roach  
  200  11:27  Roach x3  
  200  11:32  Roach x2  
  192  11:33  Roach x5  
  192  11:36  Roach x3  
  192  11:38  Ravager  
  192  11:39  Ravager  
  198  11:41  Roach x2  
  198  11:46  Roach x2  
  195  11:49  Roach x2  
  195  11:51  Roach x2  
  183  11:54  Roach  
  183  11:57  Roach x4  
  183  12:00  Roach x5  
  183  12:01  Roach x7  
  199  12:03  Roach x2  
  199  12:07  Zergling x2  
Tags
 
Add a new tag
Caveats
  • Supply blocks, unpowered buildings, or Contaminate may cause inaccurate times.
  • Supply counts are checked every 10 seconds.